AoeStats
← novakmarek.spk

Golden Pit

508386124Analyzed
1v1 RM · 10d ago on Sep 22, 2026· 39m 52s· 2 players
Game mode
Random Map
Map size
Tiny (2 player)
Population
200
Speed
Normal
Resources
Standard
Victory
Conquest
Starting age
Dark Age
Ending age
Imperial Age
RankedLock teamsTeams togetherTeam positionsShared explorationLock speedFull tech treeHidden civsTurbo modeCheats
Victory
Defeat
🇨🇿 Britons · Czechia
940
+17
🇲🇽 Berbers · Mexico
963
-17
novakmarek.spk
4:26 Loom
9:58 Feudal Age
17:42 Fletching
17:52 Padded Archer Armor
24:49 Castle Age
24:59 Double-Bit Axe
24:57 Horse Collar
24:55 Crossbowman
27:10 Leather Archer Armor
27:55 Bodkin Arrow
29:05 Ballistics
34:50 Heavy Plow
39:47 Imperial Age
38:33 Yeomen
38:58 Wheelbarrow
38:09 Town Watch
harald
1:54 Loom
10:15 Feudal Age
10:52 Double-Bit Axe
21:31 Castle Age
21:46 Bloodlines
21:28 Fletching
24:59 Wheelbarrow
24:09 Town Watch
24:30 Horse Collar
25:38 Bow Saw
28:13 Scale Barding Armor
30:46 Heavy Plow
35:17 Husbandry
36:16 Scale Mail Armor
Connection lost

Rejoining the realm…

Still unreachable

The connection could not be restored.

Session expired

The server has moved on; the page needs a fresh start.